 Dungeon Crawl Stone Soup version 0.21.1-68-g103a7af (webtiles) character file.

149279 wojtek the Severer (level 16, -2/144 HPs)
             Began as a Minotaur Fighter on Aug 1, 2018.
             Was a Priest of Makhleb.
             Slain by an entropy weaver (14 damage)
             ... on level 1 of the Spider Nest.
             The game lasted 01:17:13 (32775 turns).

wojtek the Severer (Minotaur Fighter)              Turns: 32775, Time: 01:17:14

Health: -2/144     AC:  7    Str: 26    XL:     16   Next: 96%
Magic:  22/22      EV: 17    Int:  5    God:    Makhleb [***...]
Gold:   2913       SH: 20    Dex: 15    Spells: 15/15 levels left

rFire    + . .     SeeInvis .   a - +0 broad axe
rCold    + . .     Gourm    .   P - +0 large shield
rNeg     . . .     Faith    .   N - +0 swamp dragon scales
rPois    +         Spirit   .   (helmet restricted)
rElec    .         Reflect  .   C - +0 cloak {rC+}
rCorr    .         Harm     .   T - +1 pair of gloves {Dex+3}
MR       +....                  (no boots)
Stlth    +.........             L - amulet of regeneration
HPRegen  0.74/turn              j - +4 ring of protection
MPRegen  0.18/turn              y - ring of protection from fire

@: corroded
A: retaliatory headbutt, horns 2
a: Minor Destruction, Lesser Servant of Makhleb, Renounce Religion


You were on level 1 of the Spider Nest.
You worshipped Makhleb.
Makhleb was most pleased with you.
You were not hungry.

You visited 6 branches of the dungeon, and saw 29 of its levels.
You also visited: Sewer and Ice Cave.

You collected 2913 gold pieces.

Inventory:

Hand Weapons
 a - a +0 broad axe (weapon)
 b - a +3 war axe
Missiles
 c - a throwing net (quivered)
Armour
 C - a +0 cloak of cold resistance (worn)
 E - a scarf of repulsion
 G - a +2 plate armour of fire resistance
 N - +0 swamp dragon scales (worn)
 P - a +0 large shield (worn)
 T - a +1 pair of gloves of dexterity (worn)
Jewellery
 j - a +4 ring of protection (left hand)
 q - an uncursed ring of protection from magic
 s - an uncursed ring of ice
 y - a ring of protection from fire (right hand)
 B - an uncursed amulet of the gourmand {unknown}
 K - an uncursed ring of see invisible
 L - an amulet of regeneration (around neck)
Wands
 n - a wand of clouds (15)
 r - a wand of enslavement (19)
 t - a wand of paralysis (23)
 A - a wand of digging (15)
 D - a wand of acid (8)
 H - a wand of iceblast (15)
 J - a wand of scattershot (4)
 Q - a wand of disintegration (19)
 R - a wand of flame (102)
Scrolls
 e - 18 scrolls of remove curse
 g - 2 scrolls of summoning
 i - 4 scrolls of enchant armour
 k - 7 scrolls of magic mapping
 m - 3 scrolls of identify
 o - 5 scrolls of fear
 v - a scroll of vulnerability {unknown}
 w - 6 scrolls of fog
 S - 8 scrolls of teleportation
 V - 2 scrolls of silence {unknown}
Potions
 d - 5 potions of might
 h - 3 potions of resistance
 p - 2 potions of ambrosia {unknown}
 u - 4 potions of flight
 x - 5 potions of heal wounds
 z - 15 potions of curing
 I - 3 potions of brilliance
 O - 4 potions of lignification
 Z - 3 potions of invisibility {unknown}
Miscellaneous
 l - a lamp of fire (inert)
 F - a lightning rod (4/4)
 M - a fan of gales
 U - a lamp of fire (inert)
Comestibles
 f - 43 rations
 W - a chunk of flesh


   Skills:
 + Level 13.6 Fighting
 * Level 18.5 Axes
 + Level 13.6 Armour
 + Level 12.3 Dodging
 + Level 13.6 Shields
 - Level 10.0 Invocations
 + Level 10.1 Evocations


You had 15 spell levels left.
You didn't know any spells.

Dungeon Overview and Level Annotations

Branches:
Dungeon (15/15)            Temple (1/1) D:7            Lair (6/6) D:11
  Swamp (4/4) Lair:4       Spider (1/4) Lair:4        Slime (0/5) Lair:5
    Orc (2/2) D:12            Elf (0/3) Orc:2        Vaults (0/5) D:13
 Depths (0/5) D:15

Altars:
Ashenzari
Cheibriados
Dithmenos
Elyvilon
Fedhas
Gozag
Hepliaklqana
Kikubaaqudgha
Makhleb
Nemelex Xobeh
Okawaru
Qazlal
Ru
Sif Muna
Trog
Uskayaw
Vehumet
Wu Jian
Xom
Yredelemnul
Zin
The Shining One
Beogh
Jiyva

Shops:
D:7 (*   D:9 =   D:11 (   Orc:2 :%[}

Portals:
Hell: Lair:6

Annotations:
D:8 Gastronok
Lair:5 1 runed door
Swamp:4 SeriousVitamin's ghost, adept HOCK
Orc:1 exclusion: downstairs
Orc:2 need flight?


Innate Abilities, Weirdness & Mutations

You reflexively headbutt those who attack you in melee.
You have a pair of horns on your head.


Message History

The entropy weaver hits you! You block the entropy weaver's attack.
The redback bites you but does no damage.
The redback misses you. The redback bites you!
You are lethally poisoned!
The redback poisons you! The entropy weaver hits you.
The entropy weaver misses you.
The entropy weaver hits you but does no damage.
The entropy weaver hits you!
* * * LOW HITPOINT WARNING * * *
You feel better.
You block the redback's attack. x2; The redback bites you!
* * * LOW HITPOINT WARNING * * *
You block the redback's attack. The redback completely misses you.
The redback bites you.
* * * LOW HITPOINT WARNING * * *
The entropy weaver hits you!
* * * LOW HITPOINT WARNING * * *
You block the entropy weaver's attack. The entropy weaver hits you!
* * * LOW HITPOINT WARNING * * *
The entropy weaver hits you!
You die...

... #.....# ......
####...... .....s
###......... ......
####........... ≈.....#
##.#.........†..
.......##...............
.......s................
#...ssss4..^........#..
#....a@s..(.........#..
##...ss..##.##†..%..###
#..##....###.†...#####
### #.
#.....[#........^##
#.#### #
#...#>.#...........
#....###
#...######.....#....
....##.### ##.#####
#....##.... .........#
######...######.#.....
........####.#.......#
###.....


You could see an entropy weaver, 9 redbacks and a friendly hellwing.

Vanquished Creatures
  Saint Roka (Orc:2)
  3 thorn hunters
  Roxanne (D:15)
  An orc warlord (Orc:2)
  A stone giant (Orc:1)
  An entropy weaver (Spider:1)
  A dire elephant (Lair:6)
  Snorg (D:10)
  A blizzard demon (IceCv)
  A yaktaur captain (D:15)
  12 hydras
  4 vault guards (D:13)
  The ghost of zapotec the Martial Artist, a journeyman GnTm of Elyvilon (Orc:1)
  2 ghost crabs (Swamp:3)
  10 two-headed ogres
  2 centaur warriors
  8 alligators
  Urug (Lair:3)
  4 orc high priests (Orc:2)
  A sun demon (Lair:6)
  A spriggan druid (Swamp:2)
  2 unseen horrors
  8 swamp dragons
  A wizard (Lair:6)
  Pikel (D:4)
  3 orc knights (Orc:2)
  6 wolf spiders (Spider:1)
  A deep elf mage (D:11)
  An orb spider (Spider:1)
  6 orc sorcerers (Orc:2)
  6 cyclopes
  7 manticores
  7 ugly things
  A salamander (shapeshifter) (D:11)
  An elephant (D:11)
  A black mamba (Lair:6)
  13 spiny frogs
  A gargoyle (D:13)
  An ice statue (IceCv)
  A smoke demon (Lair:6)
  6 rime drakes
  A demonic crawler (Spider:1)
  A kobold demonologist (D:11)
  An efreet (D:11)
  A yaktaur (shapeshifter) (D:13)
  6 komodo dragons
  4 freezing wraiths
  9 ice devils
  3 anaconda simulacra (IceCv)
  2 jumping spiders (Spider:1)
  3 meliai (D:14)
  A tengu conjurer (D:11)
  12 trolls
  A tyrant leech (Swamp:2)
  Grinder (D:6)
  5 hornets
  8 slime creatures
  13 blink frogs
  11 bog bodies
  A meliai zombie (D:13)
  8 hippogriffs
  17 redbacks (Spider:1)
  A vampire (D:10)
  A wraith (D:11)
  5 tarantellas (Spider:1)
  2 spriggans (Swamp:2)
  5 wyverns
  55 yaks
  3 shadows
  3 hogs (D:11)
  A human (D:11)
  3 fire elementals (D:15)
  A dire elephant simulacrum (IceCv)
  4 basilisks
  2 hungry ghosts
  5 vampire mosquitoes
  5 iron troll simulacra (IceCv)
  A soldier ant (D:13)
  13 swamp worms
  4 hydra simulacra (IceCv)
  2 harpy simulacra (IceCv)
  2 acid dragons
  5 wargs
  10 water moccasins
  2 hell hounds
  9 porcupines
  Purgy (Sewer)
  A hornet zombie (D:10)
  A floating eye (shapeshifter) (D:11)
  2 ice beasts
  33 orc warriors
  7 sky beasts
  8 swamp drakes
  An alligator simulacrum (IceCv)
  3 ettin simulacra (IceCv)
  2 eyes of draining (D:13)
  A slave (D:4)
  A black bear (D:9)
  3 necrophages
  2 phantoms
  24 ogres
  5 centaurs
  18 wolves
  18 crocodiles
  2 big kobolds
  The ghost of zapotec the Digger, an amateur DEEE (D:3)
  An elf zombie (D:10)
  25 bullfrogs
  3 wyvern zombies
  6 killer bees
  20 wights
  2 howler monkeys
  3 electric eels (Lair:4)
  8 crimson imps
  4 jellies
  4 bullfrog zombies
  2 centaur zombies
  7 human zombies (D:10)
  6 centaur skeletons
  2 draconian simulacra (IceCv)
  A gnoll shaman (D:8)
  A bullfrog skeleton (D:8)
  33 orc priests
  5 hounds
  17 orc wizards
  Crazy Yiuf (D:2)
  Ijyb (D:3)
  4 iguanas
  10 worker ants
  3 troll simulacra (IceCv)
  2 centaur simulacra (IceCv)
  A mummy (D:10)
  A howler monkey skeleton (D:9)
  A worker ant zombie (D:7)
  7 gnolls
  2 naga simulacra (IceCv)
  2 ogre simulacra (IceCv)
  21 adders
  A shadow imp (D:6)
  12 white imps (IceCv)
  3 ufetubi (IceCv)
  2 oozes (D:3)
  2 adder skeletons
  An adder zombie (D:6)
  2 worms
  5 leopard geckos
  130 orcs
  9 giant cockroaches
  4 goblins
  9 hobgoblins
  8 jackals
  9 quokkas
  3 ball pythons
  8 bats
  7 frilled lizards
  A jackal zombie (D:5)
  14 kobolds
  A leopard gecko skeleton (D:5)
  12 rats
  A plant (Lair:1)
969 creatures vanquished.

Vanquished Creatures (collateral kills)
  Louise (Swamp:1)
  The ghost of troglodite the Protected, a journeyman DsBe of Trog (Swamp:1)
  Azrael (D:15)
  The ghost of cribozai the Cruncher, a journeyman DEGl of Okawaru (Lair:6)
  A blizzard demon (IceCv)
  A spark wasp (Spider:1)
  4 hydras
  An alligator (Swamp:2)
  An orc high priest (Orc:2)
  Sonja (D:14)
  A shambling mangrove (Swamp:3)
  2 cyclopes
  An ugly thing (D:11)
  3 oklob plants (Lair:2)
  A centaur skeleton (D:13)
  A komodo dragon (Lair:6)
  An anaconda simulacrum (IceCv)
  2 ice devils (Lair:6)
  2 freezing wraiths (Swamp:2)
  2 red devils (Lair:6)
  2 bog bodies
  A hippogriff (Lair:3)
  A vampire mosquito (Swamp:4)
  2 hell hounds (Lair:6)
  A swamp drake (Swamp:4)
  5 orc warriors (Orc:2)
  2 crocodiles
  3 centaurs (Lair:5)
  A bullfrog (D:11)
  6 wights
  3 orc wizards
  An orc priest (Orc:2)
  4 orcs
61 creatures vanquished.

Vanquished Creatures (others)
  An ogre (D:7)
  2 big kobolds (D:7)
  2 bullfrogs (D:7)
  A worker ant (D:7)
  An adder zombie (D:7)
  An orc (Orc:2)
  2 kobolds (D:7)
  18 fungi
  4 plants
32 creatures vanquished.

Grand Total: 1062 creatures vanquished

Notes
Turn   | Place    | Note
-------+----------+-------------------------------------------
     0 | D:1      | wojtek the Minotaur Fighter began the quest for the Orb.
     0 | D:1      | Reached XP level 1. HP: 19/19 MP: 0/0
   121 | D:1      | Reached skill level 3 in Axes
   171 | D:1      | Reached XP level 2. HP: 26/26 MP: 1/1
   434 | D:2      | Reached skill level 4 in Axes
   434 | D:2      | Reached XP level 3. HP: 27/31 MP: 2/2
   444 | D:2      | Noticed an ogre
   674 | D:2      | Reached skill level 5 in Axes
   690 | D:2      | Reached XP level 4. HP: 39/39 MP: 3/3
   718 | D:2      | Killed an ogre
   718 | D:2      | Reached skill level 6 in Axes
   718 | D:2      | Reached XP level 5. HP: 22/45 MP: 4/4
   929 | D:2      | Found a runed door.
   942 | D:2      | Noticed an ogre
   949 | D:2      | Killed an ogre
   949 | D:2      | Reached skill level 7 in Axes
  1082 | D:2      | Found a bloodstained altar of Trog.
  1083 | D:2      | Found a hide-covered altar of Uskayaw.
  1119 | D:2      | Reached XP level 6. HP: 48/51 MP: 5/5
  1272 | D:2      | Noticed Crazy Yiuf
  1278 | D:2      | Killed Crazy Yiuf
  1344 | D:3      | Noticed Ijyb
  1356 | D:3      | Killed Ijyb
  1386 | D:3      | Noticed a sky beast
  1400 | D:3      | Killed a sky beast
  1400 | D:3      | Reached skill level 1 in Dodging
  1491 | D:3      | Noticed zapotec's ghost (amateur DEEE)
  1511 | D:3      | Killed zapotec's ghost
  1511 | D:3      | Reached skill level 8 in Axes
  1970 | D:3      | Reached XP level 7. HP: 59/59 MP: 6/6
  2825 | D:4      | Found an iron altar of Okawaru.
  2920 | D:4      | Found a snail-covered altar of Cheibriados.
  3314 | D:4      | Noticed Pikel
  3326 | D:4      | Killed Pikel
  3326 | D:4      | Reached skill level 5 in Fighting
  3326 | D:4      | Reached skill level 5 in Armour
  3326 | D:4      | Reached skill level 5 in Shields
  3326 | D:4      | Reached XP level 8. HP: 61/69 MP: 7/7
  3602 | D:4      | Found an ornate altar of the Wu Jian Council.
  3841 | D:5      | Entered Level 5 of the Dungeon
  3870 | D:5      | Found a basalt altar of Yredelemnul.
  4054 | D:5      | Found a glowing drain.
  4073 | Sewer    | Entered a sewer
  4186 | Sewer    | Noticed Purgy
  4191 | Sewer    | Killed Purgy
  4191 | Sewer    | Reached skill level 9 in Axes
  4311 | D:5      | Reached skill level 1 in Evocations
  5378 | D:6      | Reached XP level 9. HP: 77/77 MP: 9/9
  5410 | D:6      | Noticed Grinder
  5414 | D:6      | Killed Grinder
  5771 | D:6      | Found a stormy altar of Qazlal.
  5938 | D:7      | Found a shimmering altar of Xom.
  5971 | D:7      | Reached skill level 10 in Axes
  5999 | D:7      | Found Jyikieri's Assorted Antiques.
  6047 | D:7      | Found a shattered altar of Ashenzari.
  6125 | D:7      | Reached skill level 5 in Dodging
  6148 | D:7      | Found a staircase to the Ecumenical Temple.
  6165 | D:7      | Found Viucutep's Weapon Boutique.
  6173 | Temple   | Entered the Ecumenical Temple
  6278 | Temple   | Became a worshipper of Makhleb the Destroyer
  6458 | D:7      | Found a radiant altar of Vehumet.
  6479 | D:7      | Reached skill level 1 in Invocations
  6673 | D:8      | Found a sacrificial altar of Ru.
  6802 | D:8      | Reached * piety under Makhleb
  6831 | D:8      | Reached skill level 11 in Axes
  6831 | D:8      | Reached skill level 5 in Invocations
  6831 | D:8      | Reached XP level 10. HP: 88/88 MP: 10/12
  6832 | D:8      | Reached skill level 12 in Axes
  6832 | D:8      | Reached skill level 5 in Evocations
  6832 | D:8      | Reached XP level 11. HP: 95/95 MP: 10/14
  6850 | D:8      | Noticed Gastronok
  6851 | D:8      | Found a glowing silver altar of Zin.
  7601 | D:9      | Noticed a two-headed ogre
  7614 | D:9      | Killed a two-headed ogre
  7887 | D:9      | Noticed a two-headed ogre
  7897 | D:9      | Killed a two-headed ogre
  7897 | D:9      | Reached XP level 12. HP: 78/104 MP: 16/16
  7900 | D:9      | Reached ** piety under Makhleb
  7927 | D:9      | Paralysed by a hornet for 2 turns
  8373 | D:9      | Noticed a two-headed ogre
  8382 | D:9      | Killed a two-headed ogre
  8428 | D:9      | Found Ryoduquy's Jewellery Shoppe.
  8661 | D:10     | Entered Level 10 of the Dungeon
  8796 | D:10     | Reached skill level 13 in Axes
  9042 | D:10     | Noticed a two-headed ogre
  9064 | D:10     | Killed a two-headed ogre
  9277 | D:10     | Noticed Snorg
  9289 | D:10     | Killed Snorg
  9574 | D:10     | Found an ancient bone altar of Kikubaaqudgha.
  9624 | D:10     | Reached *** piety under Makhleb
  9761 | D:11     | Found Zifituof's Weapon Emporium.
  9892 | D:11     | Paralysed by a hornet for 2 turns
  9999 | D:11     | Found a staircase to the Lair.
 10125 | D:11     | Noticed a two-headed ogre
 10129 | D:11     | Killed a two-headed ogre
 10144 | D:11     | Found a burning altar of Makhleb.
 10242 | D:11     | Reached skill level 10 in Fighting
 10247 | D:11     | Noticed a five-headed hydra
 10383 | D:11     | Reached skill level 10 in Armour
 10383 | D:11     | Reached XP level 13. HP: 100/113 MP: 18/18
 10465 | D:11     | Reached skill level 10 in Shields
 10613 | D:11     | Found a white marble altar of Elyvilon.
 11008 | D:11     | Reached **** piety under Makhleb
 11012 | D:11     | Reached skill level 14 in Axes
 11581 | Lair:1   | Entered Level 1 of the Lair of Beasts
 14055 | Lair:3   | Noticed Urug
 14070 | Lair:3   | Killed Urug
 14171 | Lair:3   | Found a shimmering altar of Xom.
 14503 | Lair:4   | Found a hole to the Spider Nest.
 14527 | Lair:4   | Reached skill level 10 in Invocations
 14527 | Lair:4   | Reached XP level 14. HP: 99/122 MP: 20/20
 14900 | Lair:4   | Found a staircase to the Swamp.
 15479 | Lair:5   | Reached skill level 15 in Axes
 15555 | Lair:5   | Found a runed door.
 15555 | Lair:5   | Found a viscous altar of Jiyva.
 15556 | Lair:5   | Noticed an azure jelly
 15561 | Lair:5   | Found a staircase to the Slime Pits.
 15963 | Lair:5   | Found a deep blue altar of Sif Muna.
 16429 | Lair:6   | Entered Level 6 of the Lair of Beasts
 16734 | Lair:6   | Noticed cribozai's ghost (journeyman DEGl)
 16909 | Lair:6   | Killed cribozai's ghost
 17649 | Lair:6   | Found a burning altar of Makhleb.
 18088 | Lair:6   | Found a gateway to Hell.
 18421 | D:12     | Reached skill level 10 in Dodging
 18682 | D:12     | Found a staircase to the Orcish Mines.
 19492 | D:13     | Found a gate to the Vaults.
 19508 | D:13     | Reached ***** piety under Makhleb
 19508 | D:13     | Reached skill level 16 in Axes
 19707 | D:13     | Reached XP level 15. HP: 132/132 MP: 21/21
 19896 | D:14     | Noticed Sonja
 19904 | D:14     | Killed Sonja
 20292 | D:14     | Found a bloodstained altar of Trog.
 20573 | D:15     | Entered Level 15 of the Dungeon
 20593 | D:15     | Noticed Azrael
 20626 | D:15     | Killed Azrael
 20825 | D:15     | Noticed Roxanne
 21707 | D:15     | Found a staircase to the Depths.
 22308 | D:15     | Killed Roxanne
 22309 | D:15     | Identified Roxanne's Disquisition on Transmigration (You took it off Roxanne on level 15 of the Dungeon)
 22808 | Orc:1    | Entered Level 1 of the Orcish Mines
 22869 | Orc:1    | Noticed zapotec's ghost (journeyman GnTm)
 22892 | Orc:1    | Killed zapotec's ghost
 23190 | Orc:2    | Entered Level 2 of the Orcish Mines
 23208 | Orc:2    | Noticed Saint Roka
 23630 | Orc:2    | Killed Saint Roka
 24075 | Orc:2    | Found a roughly hewn altar of Beogh.
 24164 | Orc:2    | Reached skill level 17 in Axes
 24235 | Orc:2    | Found Geeg's Book Emporium.
 24831 | Orc:2    | Found a staircase to the Elven Halls.
 25003 | Orc:2    | Found Oxeak's Food Shoppe.
 25239 | Orc:2    | Noticed an orc warlord
 25259 | Orc:2    | Killed an orc warlord
 25367 | Orc:2    | Found Tixzab's Armour Shop.
 25456 | Orc:2    | Found Wyimiwn's Gadget Shoppe.
 25627 | Orc:2    | Found a roughly hewn altar of Beogh.
 26016 | Swamp:1  | Entered Level 1 of the Swamp
 26023 | Swamp:1  | Noticed troglodite's ghost (journeyman DsBe)
 26053 | Swamp:1  | Killed troglodite's ghost
 26383 | Swamp:1  | Paralysed by a hornet for 1 turns
 26387 | Swamp:1  | Reached XP level 16. HP: 141/141 MP: 22/22
 26832 | Swamp:1  | Noticed Louise
 26859 | Swamp:1  | Killed Louise
 27165 | Swamp:2  | Found a frozen archway.
 27214 | IceCv    | Entered an ice cave
 28684 | Swamp:2  | Noticed a thorn hunter
 28693 | Swamp:2  | Killed a thorn hunter
 30320 | Swamp:3  | Noticed a thorn hunter
 30333 | Swamp:3  | Killed a thorn hunter
 30496 | Swamp:3  | Reached skill level 18 in Axes
 30916 | Swamp:4  | Entered Level 4 of the Swamp
 30956 | Swamp:4  | Noticed a thorn hunter
 31107 | Swamp:3  | Killed a thorn hunter
 31202 | Swamp:4  | Noticed SeriousVitamin's ghost (adept HOCK)
 32260 | Spider:1 | Entered Level 1 of the Spider Nest
 32527 | Spider:1 | Reached skill level 10 in Evocations
 32775 | Spider:1 | Slain by an entropy weaver

Skill      XL: |  1  2  3  4  5  6  7  8  9 10 11 12 13 14 15 16 |
---------------+-------------------------------------------------+-----
Axes           | 3 4 5 6 7 8 9 11 12 13 14 16 17 18 | 18.5
Fighting       | 4 5 6 8 9 10 11 12 13 | 13.6
Armour         | 4 5 6 8 9 10 11 12 13 | 13.6
Dodging        | 1 3 4 6 7 8 9 10 11 12 | 12.3
Shields        | 4 5 6 8 9 10 11 12 13 | 13.6
Evocations     | 1 4 5 6 7 8 9 10 | 10.1
Invocations    | 5 6 8 10 | 10.0

Action                   |  1- 3 |  4- 6 |  7- 9 | 10-12 | 13-15 | 16-18 || total
-------------------------+-------+-------+-------+-------+-------+-------++-------
Melee: War axe           |    68 |    89 |   369 |   498 |  1059 |       ||  2083
       Headbutt          |     7 |    12 |    78 |   120 |   396 |   206 ||   819
       Broad axe         |       |       |       |       |   691 |   743 ||  1434
Invok: Lesser Servant of |       |       |       |     3 |    67 |    44 ||   114
       Minor Destruction |       |       |       |       |    46 |    37 ||    83
Evoke: Wand              |       |       |       |    10 |    42 |    18 ||    70
       Lamp of fire      |       |       |       |       |       |     1 ||     1
  Use: Scroll            |       |       |     9 |     1 |     8 |     4 ||    22
       Potion            |       |       |     1 |     1 |     2 |     3 ||     7
 Stab: Paralysed         |       |       |       |    12 |     5 |     2 ||    19
       Distracted        |       |       |       |     1 |    12 |     4 ||    17
       Confused          |       |       |       |       |     1 |       ||     1
  Eat: Chunk             |       |     3 |    16 |    14 |    43 |     5 ||    81
       Ration            |       |       |       |       |     3 |     5 ||     8
Armor: Scale mail        |    44 |    32 |    54 |       |       |       ||   130
       Chain mail        |       |       |    52 |    58 |       |       ||   110
       Plate armour      |       |       |       |    68 |   571 |   107 ||   746
       Swamp dragon scal |       |       |       |       |       |   186 ||   186
Dodge: Dodged            |    33 |    18 |    92 |   127 |   498 |   370 ||  1138
       Deflected         |       |       |       |       |     2 |     3 ||     5
Block: Shield            |    48 |    29 |   174 |   258 |   916 |    36 ||  1461
       Large shield      |       |       |       |       |       |   810 ||   810
